SL
NORTHERN VIRGINIA RETRIEVERS @ GRAFTON MIDDIES
08/30/2021
 
TOP OF THE 1ST
Northern Virginia Retrievers batting - Pitching for Grafton Middies : LHP Reid Garner
Pitching: LHP Reid Garner
Batting: RHB Roy Williams 0-0: Called Strike
0-1: Called Strike
0-2: Ball
1-2: Ball
2-2: Foul Ball, location: 2F
2-2: Ground out 5-3 (Groundball, 56S)
Batting: RHB Eddie O'Bryan 0-0: Called Strike
0-1: Foul Ball, location: 2F
0-2: Foul Ball, location: 2F
0-2: Ball
1-2: Ball
2-2: Ground out 6-3 (Groundball, 6)
Batting: LHB Keith Bridges 0-0: Called Strike
0-1: Ball
1-1: Called Strike
1-2: Strikes out swinging
Top of the 1st over - 0 run(s), 0 hit(s), 0 error(s), 0 left on base; Northern Virginia 0 - Grafton 0
BOTTOM OF THE 1ST
Grafton Middies batting - Pitching for Northern Virginia Retrievers : RHP Brian Wheeler
Pitching: RHP Brian Wheeler
Batting: RHB Pedro Orozco 0-0: Ball
1-0: Foul Ball, location: 2F
1-1: Foul Ball, location: 2F
1-2: Ball
2-2: SINGLE (Line Drive, 9LS)
Batting: RHB Wes Bradley 0-0: Swinging Strike
0-1: SINGLE (Flyball, 78M)
Pedro Orozco to second
Batting: RHB Raúl Robles 0-0: Foul Ball, location: 2F
0-1: Foul Ball, location: 2F
0-2: Fielders Choice at 2nd, 6-4 (Groundball, 6M)
Pedro Orozco to third
Batting: RHB Bill Stewart 0-0: Ball
1-0: Called Strike
1-1: Foul Ball, location: 2F
1-2: Foul Ball, location: 2F
1-2: Grounds into double play, 6-4-3 (Groundball, 6)
Bottom of the 1st over - 0 run(s), 2 hit(s), 0 error(s), 1 left on base; Northern Virginia 0 - Grafton 0
TOP OF THE 2ND
Northern Virginia Retrievers batting - Pitching for Grafton Middies : LHP Reid Garner
Batting: RHB Jack Tucker 0-0: Called Strike
0-1: Fly out, F8 (Flyball, 8RD)
Batting: RHB Brandon Reed 0-0: Ball
1-0: Swinging Strike
1-1: Ball
2-1: Swinging Strike
2-2: Ball
3-2: Foul Ball, location: 2F
3-2: Strikes out swinging, 2-3 out at first.
Batting: LHB Bartolo Benítez 0-0: Ball
1-0: Fly out, F7 (Flyball, 7M)
Top of the 2nd over - 0 run(s), 0 hit(s), 0 error(s), 0 left on base; Northern Virginia 0 - Grafton 0
BOTTOM OF THE 2ND
Grafton Middies batting - Pitching for Northern Virginia Retrievers : RHP Brian Wheeler
Batting: RHB Brady Ferris 0-0: Ball
1-0: Called Strike
1-1: Ground out 5-3 (Groundball, 5)
Batting: RHB Mark Davis 0-0: Called Strike
0-1: Ball
1-1: Ball
2-1: Foul Ball, location: 2F
2-2: Ball
3-2: Foul Ball, location: 2F
3-2: Foul Ball, location: 2F
3-2: Foul Ball, location: 2F
3-2: Ground out 5-3 (Groundball, 5)
Batting: RHB Nathan Boswell 0-0: Ball
1-0: Ball
2-0: Fly out, F9 (Flyball, 9M)
Bottom of the 2nd over - 0 run(s), 0 hit(s), 0 error(s), 0 left on base; Northern Virginia 0 - Grafton 0
TOP OF THE 3RD
Northern Virginia Retrievers batting - Pitching for Grafton Middies : LHP Reid Garner
Batting: RHB Donald Stanley 0-0: Foul Ball, location: 2F
0-1: SOLO HOME RUN (Flyball, 89XD), Distance : 409 ft
Batting: RHB Harris Harden 0-0: Ground out 6-3 (Groundball, 6M)
Batting: RHB Luis Rodríguez 0-0: Ball
1-0: Ground out U3 (Groundball, 3)
Batting: RHB Roy Williams 0-0: Ball
1-0: Foul Ball, location: 2F
1-1: Fly out, F8 (Flyball, 8RS)
Top of the 3rd over - 1 run(s), 1 hit(s), 0 error(s), 0 left on base; Northern Virginia 1 - Grafton 0
BOTTOM OF THE 3RD
Grafton Middies batting - Pitching for Northern Virginia Retrievers : RHP Brian Wheeler
Batting: RHB Danny Hall 0-0: Ball
1-0: Called Strike
1-1: Fly out, F8 (Flyball, 8LS)
Batting: RHB José Peña 0-0: Ball
1-0: Foul Ball, location: 2F
1-1: Foul Ball, location: 2F
1-2: Ground out 5-3 (Groundball, 5S)
Batting: RHB Pedro Orozco 0-0: Ball
1-0: Ball
2-0: Called Strike
2-1: Foul Ball, location: 2F
2-2: Foul Ball, location: 2F
2-2: Foul Ball, location: 2F
2-2: SINGLE (Line Drive, 56)
Batting: RHB Wes Bradley 0-0: Ball
1-0: Reached on error, E1 (Groundball, 13)
Pedro Orozco to second
Batting: RHB Raúl Robles 0-0: Foul Ball, location: 2F
0-1: Ball
1-1: Called Strike
1-2: Ball
2-2: Ball
3-2: Foul Ball, location: 2F
3-2: Foul Ball, location: 2F
3-2: Strikes out looking
Bottom of the 3rd over - 0 run(s), 1 hit(s), 1 error(s), 2 left on base; Northern Virginia 1 - Grafton 0
TOP OF THE 4TH
Northern Virginia Retrievers batting - Pitching for Grafton Middies : LHP Reid Garner
Batting: RHB Eddie O'Bryan 0-0: Ground out 6-3 (Groundball, 6)
Batting: LHB Keith Bridges 0-0: Foul Ball, location: 2F
0-1: Ball
1-1: Swinging Strike
1-2: Ball
2-2: Ball
3-2: Fly out, F8 (Flyball, 8RM)
Batting: RHB Jack Tucker 0-0: Ball
1-0: Called Strike
1-1: Ball
2-1: Ball
3-1: Foul Ball, location: 2F
3-2: Ground out 4-3 (Groundball, 4)
Top of the 4th over - 0 run(s), 0 hit(s), 0 error(s), 0 left on base; Northern Virginia 1 - Grafton 0
BOTTOM OF THE 4TH
Grafton Middies batting - Pitching for Northern Virginia Retrievers : RHP Brian Wheeler
Batting: RHB Bill Stewart 0-0: Ball
1-0: SINGLE (Line Drive, 7S)
Batting: RHB Brady Ferris 0-0: Ball
1-0: Ball
2-0: Called Strike
2-1: SINGLE (Groundball, 23) (infield hit)
Bill Stewart to second
Batting: RHB Mark Davis 0-0: Called Strike
0-1: Ball
1-1: SINGLE (Groundball, 56D)
Bill Stewart to third
Brady Ferris to second
Batting: RHB Nathan Boswell 0-0: Called Strike
0-1: Ball
1-1: Ball
2-1: SINGLE (Line Drive, 56D)
Bill Stewart scores
Brady Ferris to third
Mark Davis to second
Runner from 3rd tries for Home, SAFE, no throw or cutoff
Batting: RHB Danny Hall 0-0: Ball
1-0: Grounds into double play, 6-4-3 (Groundball, 6M)
Mark Davis to third
Batting: RHB José Peña 0-0: Called Strike
0-1: Ball
1-1: Ball
2-1: Fly out, F8 (Line Drive, 8RM)
Bottom of the 4th over - 2 run(s), 4 hit(s), 0 error(s), 1 left on base; Northern Virginia 1 - Grafton 2
TOP OF THE 5TH
Northern Virginia Retrievers batting - Pitching for Grafton Middies : LHP Reid Garner
Batting: RHB Brandon Reed 0-0: Ground out 6-3 (Groundball, 6)
Batting: LHB Bartolo Benítez 0-0: Ball
1-0: Called Strike
1-1: Swinging Strike
1-2: DOUBLE (Line Drive, 78M)
Batting: RHB Donald Stanley 0-0: DOUBLE (Line Drive, 6D)
Bartolo Benítez scores
Batting: RHB Harris Harden 0-0: Foul Ball, location: 2F
0-1: Called Strike
0-2: Ball
1-2: Ball
2-2: SINGLE (Groundball, 5D)
Donald Stanley to third
Batting: RHB Luis Rodríguez 0-0: Foul Ball, location: 2F
0-1: Called Strike
0-2: Ground out 2-3 (Groundball, 25)
Harris Harden to second
Batting: RHB Roy Williams 0-0: Fly out, F8 (Flyball, 8LD)
Top of the 5th over - 1 run(s), 3 hit(s), 0 error(s), 2 left on base; Northern Virginia 2 - Grafton 2
BOTTOM OF THE 5TH
Grafton Middies batting - Pitching for Northern Virginia Retrievers : RHP Brian Wheeler
Batting: RHB Pedro Orozco 0-0: Foul Ball, location: 2F
0-1: Ball
1-1: Foul Ball, location: 2F
1-2: SINGLE (Line Drive, 6D)
Batting: RHB Wes Bradley 0-0: Ball
1-0: Sac Bunt - play at first, batter OUT! 1-4
Pedro Orozco to second
Batting: RHB Raúl Robles 0-0: Swinging Strike
0-1: Foul Ball, location: 2F
0-2: Ball
1-2: Ball
2-2: Ball
3-2: SINGLE (Groundball, 6MD)
Pedro Orozco to third
Runner from 3rd tries for Home, SAFE, no throw or cutoff
Batting: RHB Bill Stewart 0-0: Foul Ball, location: 2F
0-1: Ball
1-1: Grounds into double play, 6-4-3 (Groundball, 6M)
Bottom of the 5th over - 1 run(s), 2 hit(s), 0 error(s), 0 left on base; Northern Virginia 2 - Grafton 3
TOP OF THE 6TH
Northern Virginia Retrievers batting - Pitching for Grafton Middies : LHP Reid Garner
Batting: RHB Eddie O'Bryan 0-0: Ball
1-0: Foul Ball, location: 2F
1-1: Foul Ball, location: 2F
1-2: Foul Ball, location: 2F
1-2: Ball
2-2: Foul Ball, location: 2F
2-2: Ground out 4-3 (Groundball, 4)
Batting: LHB Keith Bridges 0-0: Called Strike
0-1: Foul Ball, location: 2F
0-2: Ball
1-2: Ground out 2-3 (Groundball, 23)
Batting: RHB Jack Tucker 0-0: SINGLE (Groundball, 4MD)
Batting: RHB Brandon Reed 0-0: Foul Ball, location: 2F
0-1: Ball
1-1: Ground out 4-3 (Groundball, 34)
Top of the 6th over - 0 run(s), 1 hit(s), 0 error(s), 1 left on base; Northern Virginia 2 - Grafton 3
BOTTOM OF THE 6TH
Grafton Middies batting - Pitching for Northern Virginia Retrievers : RHP Brian Wheeler
Batting: RHB Brady Ferris 0-0: Ball
1-0: Ball
2-0: Ball
3-0: Swinging Strike
3-1: Base on Balls
Batting: RHB Mark Davis 0-0: Called Strike
Brady Ferris is caught stealing 2nd base
0-1: Ball
1-1: Ground out 6-3 (Groundball, 6)
Batting: RHB Nathan Boswell 0-0: Called Strike
0-1: Called Strike
0-2: Ground out 5-3 (Groundball, 5S)
Bottom of the 6th over - 0 run(s), 0 hit(s), 0 error(s), 0 left on base; Northern Virginia 2 - Grafton 3
TOP OF THE 7TH
Northern Virginia Retrievers batting - Pitching for Grafton Middies : LHP Reid Garner
Batting: LHB Bartolo Benítez 0-0: Ball
1-0: Ground out 4-3 (Groundball, 13)
Batting: RHB Donald Stanley 0-0: Called Strike
0-1: Foul Ball, location: 2F
0-2: Strikes out swinging
Batting: RHB Harris Harden 0-0: SINGLE (Groundball, 4M)
Pinch Runner at 1st Munemori Ohara:
Batting: RHB Luis Rodríguez 0-0: Called Strike
0-1: Called Strike
0-2: Ball
1-2: Ball
2-2: Fly out, F3 (Popup, 3F)
Top of the 7th over - 0 run(s), 1 hit(s), 0 error(s), 1 left on base; Northern Virginia 2 - Grafton 3
BOTTOM OF THE 7TH
Grafton Middies batting - Pitching for Northern Virginia Retrievers : RHP Brian Wheeler
Now at 2B: Munemori Ohara
Batting: RHB Danny Hall 0-0: Ball
1-0: Ground out 6-3 (Groundball, 6M)
Batting: RHB José Peña 0-0: Ground out 5-3 (Groundball, 5)
Batting: RHB Pedro Orozco 0-0: Called Strike
0-1: Fly out, F3 (Line Drive, 3)
Bottom of the 7th over - 0 run(s), 0 hit(s), 0 error(s), 0 left on base; Northern Virginia 2 - Grafton 3
TOP OF THE 8TH
Northern Virginia Retrievers batting - Pitching for Grafton Middies : LHP Reid Garner
Batting: RHB Roy Williams 0-0: Ball
1-0: Ball
2-0: Ball
3-0: Base on Balls
Pitching: RHP Frank Morse
Batting: RHB Eddie O'Bryan 0-0: Sac Bunt - play at first, batter OUT! 1-4
Roy Williams to second
Batting: LHB Keith Bridges 0-0: Ball
1-0: Ball
2-0: Ball
3-0: Base on Balls
Batting: RHB Jack Tucker 0-0: Called Strike
0-1: SINGLE (Line Drive, 78S)
Roy Williams to third
Keith Bridges to second
Pinch Hitting: LHB Marlon Randall 0-0: Ball
1-0: Swinging Strike
1-1: SINGLE (Groundball, 25) (infield hit)
Roy Williams scores
Keith Bridges to third
Jack Tucker to second
Batting: LHB Bartolo Benítez 0-0: Foul Ball, location: 2F
0-1: Ball
1-1: Swinging Strike
1-2: Strikes out looking
Batting: RHB Donald Stanley 0-0: Foul Ball, location: 2F
0-1: Ball
Wild Pitch!
Keith Bridges scores
Jack Tucker to third
Marlon Randall to second
1-1: Ball
2-1: Swinging Strike
2-2: Ball
3-2: Strikes out swinging
Top of the 8th over - 2 run(s), 2 hit(s), 0 error(s), 2 left on base; Northern Virginia 4 - Grafton 3
BOTTOM OF THE 8TH
Grafton Middies batting - Pitching for Northern Virginia Retrievers : RHP Brian Wheeler
Now in LF: Wayne Akers
Batting: RHB Wes Bradley 0-0: Foul Ball, location: 2F
0-1: Ball
1-1: Foul Ball, location: 2F
1-2: Foul Ball, location: 2F
1-2: Ball
2-2: Strikes out looking
Pitching: RHP Lorenzo Tamargo
Batting: RHB Raúl Robles 0-0: Ball
1-0: Ball
2-0: Foul Ball, location: 2F
2-1: Foul Ball, location: 2F
2-2: Fly out, F9 (Flyball, 9S)
Pitching: RHP Suezo Sato
Batting: RHB Bill Stewart 0-0: Foul Ball, location: 2F
0-1: Swinging Strike
0-2: Ground out 6-3 (Groundball, 6)
Bottom of the 8th over - 0 run(s), 0 hit(s), 0 error(s), 0 left on base; Northern Virginia 4 - Grafton 3
TOP OF THE 9TH
Northern Virginia Retrievers batting - Pitching for Grafton Middies : RHP Frank Morse
Batting: LHB Munemori Ohara 0-0: Called Strike
0-1: SINGLE (Groundball, 6MD)
Batting: RHB Luis Rodríguez 0-0: Sac Bunt - play at first, batter OUT! 5-4
Munemori Ohara to second
Pinch Hitting: LHB Rick Watson 0-0: Intentional Walk
Pinch Hitting: LHB Vance Cannon 0-0: Called Strike
0-1: Ball
1-1: Foul Ball, location: 2F
1-2: Foul Ball, location: 2F
1-2: Foul Ball, location: 2F
1-2: Strikes out swinging
Batting: LHB Keith Bridges 0-0: DOUBLE (Line Drive, 7LS)
Munemori Ohara scores
Rick Watson to third
Batting: RHB Jack Tucker 0-0: Swinging Strike
0-1: Ball
1-1: Ball
2-1: Foul Ball, location: 2F
2-2: Ball
3-2: Ground out 4-3 (Groundball, 4M)
Top of the 9th over - 1 run(s), 2 hit(s), 0 error(s), 2 left on base; Northern Virginia 5 - Grafton 3
BOTTOM OF THE 9TH
Grafton Middies batting - Pitching for Northern Virginia Retrievers : RHP Suezo Sato
Pitching: RHP Juan Piña
Now at 3B: Vance Cannon
Now at SS: David Martínez
Batting: RHB Brady Ferris 0-0: Ball
1-0: Called Strike
1-1: Ball
2-1: Ball
3-1: Base on Balls
Batting: RHB Mark Davis 0-0: Called Strike
0-1: Ball
1-1: Ball
2-1: Ball
3-1: Grounds into double play, 5-4-3 (Groundball, 5)
Batting: RHB Nathan Boswell 0-0: Ball
1-0: Ball
2-0: Ball
3-0: Called Strike
3-1: Fly out, F6 (Popup, 6MS)
Bottom of the 9th over - 0 run(s), 0 hit(s), 0 error(s), 0 left on base; Northern Virginia 5 - Grafton 3
This league is powered by Out of the Park Baseball, the baseball management simulation game for PC, Mac and Linux
Friday, January 22nd, 2016 - OOTP Baseball 16.9 Build 39